 Dungeon Crawl Stone Soup version 0.22.1-5-g62c59d9 (webtiles) character file.

756 Kairos the Chopper (level 7, -9/37 HPs)
             Began as a Vine Stalker Fighter on Jan 14, 2019.
             Was an Initiate of Makhleb.
             Mangled by Eustachio
             ... wielding a +0 rapier
              (12 damage)
             ... on level 4 of the Dungeon.
             The game lasted 00:03:40 (3158 turns).

Kairos the Chopper (Vine Stalker Fighter)           Turns: 3158, Time: 00:03:41

Health: -9/37      AC:  6    Str: 21    XL:     7   Next: 79%
Magic:  0/8        EV:  8    Int:  8    God:    Makhleb [......]
Gold:   190        SH:  9    Dex: 13    Spells: 6/6 levels left

rFire    x . .     SeeInvis +   w - +2 flail (holy)
rCold    + . .     Gourm    .   c - +0 shield
rNeg     . . .     Faith    .   b - +0 scale mail
rPois    .         Spirit   +   (no helmet)
rElec    .         Reflect  .   r - scarf {cloud immunity}
rCorr    .         Harm     .   (no gloves)
MR       .....                  (no boots)
Stlth    ..........             (no amulet)
HPRegen  0.52/turn              p - ring of see invisible
MPRegen  0.11/turn              t - ring of ice

@: no status effects
A: fangs 2, regeneration 1, magic shield, antimagic bite, no potion heal 3, rot
immunity
a: Renounce Religion


You were on level 4 of the Dungeon.
You worshipped Makhleb.
Makhleb was noncommittal.
You were not hungry.

You visited 2 branches of the dungeon, and saw 5 of its levels.

You collected 190 gold pieces.

Inventory:

Hand Weapons
 a - a +0 war axe
 w - a +2 flail of holy wrath (weapon)
Armour
 b - a +0 scale mail (worn)
 c - a +0 shield (worn)
 r - a scarf of cloud immunity (worn)
Jewellery
 p - a ring of see invisible (left hand)
 t - a ring of ice (right hand)
Scrolls
 g - 2 scrolls of fog {unknown}
 i - 3 scrolls of blinking {unknown}
 j - 2 scrolls of immolation {unknown}
 k - 5 scrolls of identify {unknown}
 m - a scroll of amnesia {unknown}
 n - 2 scrolls of teleportation {unknown}
 q - a scroll of enchant weapon {unknown}
 s - a scroll of remove curse {unknown}
 u - a scroll of noise {unknown}
Potions
 d - a potion of might
 e - a potion of agility {unknown}
 h - 3 potions of lignification {unknown}
 l - 3 potions of flight {unknown}
 o - 2 potions of heal wounds {unknown}
 v - a potion of magic {unknown}
Comestibles
 f - 8 rations


   Skills:
 + Level 4.0 Fighting
 + Level 5.4 Axes
 + Level 3.5 Armour
 + Level 1.4 Dodging
 + Level 1.1 Stealth
 + Level 3.9 Shields


You had 6 spell levels left.
You didn't know any spells.
Your spell library was empty.

Dungeon Overview and Level Annotations

Branches:
Dungeon (4/15)             Temple (1/1) D:4

Altars:
Dithmenos
Elyvilon
Fedhas
Gozag
Makhleb
Qazlal
Ru
Sif Muna
Trog
Vehumet
Wu Jian
Zin
The Shining One

Annotations:
D:4 1 runed door, Eustachio; myga's ghost, amateur MiWz


Innate Abilities, Weirdness & Mutations

You have extremely sharp teeth.
Your natural rate of healing is unusually fast.
When hurt, damage is shared between your health and your magic reserves.
Your bite disrupts and absorbs the magic of your enemies.
Potions cannot restore your health.
You are immune to rotting.


Message History

Eustachio is heavily wounded.
The bat hits you but does no damage. You block Eustachio's attack.
The rat bites you.
* * * LOW HITPOINT WARNING * * *
The river rat barely misses you. You block the quokka's attack.
You completely miss Eustachio.
Eustachio is heavily wounded.
The bat hits you but does no damage. The rat barely misses you.
You block the river rat's attack.
Eustachio falters for a moment.
You block the quokka's attack. The rat barely misses you.
The river rat bites you.
* * * LOW HITPOINT WARNING * * *
Eustachio hits you but does no damage. You block the quokka's attack.
You barely miss Eustachio.
Eustachio is heavily wounded.
The bat hits you but does no damage. The quokka barely misses you.
The rat bites you.
* * * LOW HITPOINT WARNING * * *
You block the river rat's attack. Eustachio hits you with a rapier!
You die...

#.......# #.<...
#.......# #.....
#......#######.....
#......##....#.....
#.>..........#.....
#............'.....
##'######....#.....
#^.r...##....#.....
#.@r...##....#.....
#.r@....#....#.....
#..b....#....#.....
#.......+....#...(.
##############.....
######


You could see Eustachio, a river rat, a quokka, a bat and a rat.

Vanquished Creatures
  Edmund (D:4)
  A phantom (D:4)
  An ogre (D:4)
  A scorpion (D:4)
  A jelly (D:3)
  A hound (D:4)
  2 orc priests
  A centaur skeleton (D:4)
  Natasha (thrice) (D:4)
  A worker ant (D:4)
  Robin (D:3)
  6 adders
  An ooze (D:4)
  2 adder skeletons (D:4)
  A worm (D:2)
  A dart slug (D:3)
  12 orcs
  7 giant cockroaches
  14 goblins
  13 hobgoblins
  13 kobolds
  2 quokkas
  A ball python (D:1)
  2 bats (D:1)
  2 frilled lizards (D:3)
  A jackal zombie (D:4)
  4 rats
96 creatures vanquished.

Notes
Turn   | Place    | Note
-------+----------+-------------------------------------------
     0 | D:1      | Kairos the Vine Stalker Fighter began the quest for the
                  | Orb.
     0 | D:1      | Reached XP level 1. HP: 11/11 MP: 2/2
    93 | D:1      | Reached XP level 2. HP: 14/16 MP: 3/3
    94 | D:1      | Reached skill level 2 in Axes
   638 | D:2      | Reached XP level 3. HP: 18/20 MP: 2/4
   950 | D:2      | Gained mutation: Your natural rate of healing is unusually
                  | fast. [Vine Stalker growth]
   950 | D:2      | Reached XP level 4. HP: 24/24 MP: 5/5
  1348 | D:3      | Reached skill level 3 in Axes
  1476 | D:3      | Reached XP level 5. HP: 6/28 MP: 2/6
  1700 | D:3      | Found a glowing silver altar of Zin.
  1704 | D:3      | Noticed Robin
  1724 | D:3      | Killed Robin
  2016 | D:3      | Found a sacrificial altar of Ru.
  2162 | D:4      | Noticed myga's ghost (amateur MiWz)
  2169 | D:4      | Reached XP level 6. HP: 32/32 MP: 7/7
  2174 | D:4      | HP: 1/32 [ogre/giant club (12)]
  2175 | D:4      | Reached skill level 4 in Axes
  2396 | D:4      | Found a runed door.
  2458 | D:4      | Found a staircase to the Ecumenical Temple.
  2471 | Temple   | Entered the Ecumenical Temple
  2590 | Temple   | Became a worshipper of Makhleb the Destroyer
  2616 | D:4      | Noticed Natasha
  2622 | D:4      | Killed Natasha
  2668 | D:4      | Noticed a phantom
  2698 | D:4      | Killed a phantom
  2698 | D:4      | Reached skill level 1 in Dodging
  2698 | D:4      | Reached skill level 1 in Stealth
  2698 | D:4      | Reached XP level 7. HP: 31/37 MP: 8/8
  2733 | D:4      | Noticed Natasha
  2739 | D:4      | Killed Natasha
  2821 | D:4      | Found a radiant altar of Vehumet.
  2904 | D:4      | Noticed Edmund
  2918 | D:4      | Reached skill level 5 in Axes
  2919 | D:4      | Killed Edmund
  3080 | D:4      | Noticed Natasha
  3087 | D:4      | Killed Natasha
  3142 | D:4      | Noticed Eustachio
  3158 | D:4      | Mangled by Eustachio

Skill      XL: |  1  2  3  4  5  6  7 |
---------------+----------------------+-----
Axes           | 2 3 4 5 |  5.4
Fighting       | 3 4 |  4.0
Shields        | 3 |  3.9
Armour         | 3 |  3.5
Dodging        | 1 |  1.4
Stealth        | 1 |  1.1

Action                   |  1- 3 |  4- 6 |  7- 9 || total
-------------------------+-------+-------+-------++-------
Melee: War axe           |    74 |   144 |    40 ||   258
       Bite              |    16 |    41 |    16 ||    73
       Flail             |       |       |    10 ||    10
  Use: Scroll            |       |     1 |       ||     1
       Potion            |       |       |     1 ||     1
  Eat: Chunk             |       |     6 |     2 ||     8
Armor: Scale mail        |    30 |    54 |    15 ||    99
Dodge: Dodged            |    22 |    44 |    25 ||    91
Block: Shield            |    42 |    61 |    44 ||   147
